 Dungeon Crawl Stone Soup version 0.30-b1-2-g02819fbbbe (webtiles) character file.

Game seed: 2524867475597551835

310 Alarkh the Shooter (level 6, -4/47 HPs)
             Began as a Demonspawn Hexslinger on July 8, 2023.
             Slain by Edmund
             ... wielding a +1 dire flail of pain
              (11 damage)
             ... on level 4 of the Dungeon.
             The game lasted 00:06:29 (3976 turns).

Alarkh the Shooter (Demonspawn Hexslinger)          Turns: 3976, Time: 00:06:30

Health: -4/47      AC:  4    Str:  8    XL:     6   Next: 18%
Magic:  7/7        EV: 12    Int: 17    God:
Gold:   191        SH:  0    Dex: 15    Spells: 6/7 levels left

rFire   x . .        a - +2 sling
rCold   . . .        (no shield)
rNeg    . . .        c - +0 robe
rPois   .            q - +0 helmet
rElec   .            (no cloak)
rCorr   .            (no gloves)
SInv    .            k - +0 pair of boots
Will    .....        (no amulet)
Stlth   ++           (no ring)
HPRegen 0.27/turn    (no ring)
MPRegen 0.10/turn

%: no passive effects
@: no status effects
A: claws 2, thin skeletal structure 1, weak 1, heat vulnerability 1
a: no special abilities


You were on level 4 of the Dungeon.
You visited 1 branch of the dungeon, and saw 4 of its levels.

You collected 191 gold pieces.

Inventory:

Hand Weapons
 a - a +2 sling (weapon)
Armour
 c - a +0 robe (worn)
 k - a +0 pair of boots (worn)
 q - a +0 helmet (worn)
Wands
 j - a wand of polymorph (12)
 m - a wand of charming (1)
Scrolls
 f - 2 scrolls of enchant weapon
 g - 2 scrolls of vulnerability
 h - a scroll of noise
Potions
 i - a potion of might {unknown}
 l - a potion of ambrosia
 n - a potion of haste {unknown}
 p - a potion of cancellation {unknown}
 r - a potion of curing


   Skills:
 + Level 3.5 Fighting
 * Level 5.0 Ranged Weapons
 - Level 1.7 Dodging
 - Level 1.0 Spellcasting
 - Level 3.0 Hexes


You had 6 spell levels left.
You knew the following spells:

 Your Spells              Type           Power      Damage    Failure   Level
a - Slow                  Hex            44%        N/A       6%          1

Your spell library contained the following spells:

 Spells                   Type           Power      Damage    Failure   Level
 Ensorcelled Hibernation  Hex/Ice        10%        N/A       17%         2
 Passwall                 Tmut/Erth      0%         N/A       32%         2
 Sublimation of Blood     Necr           0%         N/A       32%         2
 Inner Flame              Hex/Fire       5%         N/A       34%         3
 Portal Projectile        Hex/Tloc       10%        N/A       34%         3
 Cause Fear               Hex            5%         N/A       52%         4
 Swiftness                Air            0%         N/A       54%         3
 Petrify                  Tmut/Erth      0%         N/A       91%         4
 Irradiate                Conj/Tmut      0%         3d11      99%         5


Dungeon Overview and Level Annotations

Branches:
Dungeon (4/15)
 Temple: D:4-7

Altars:
Sif Muna
Yredelemnul

Annotations:
D:3 3 runed translucent doors, BerneyBell's ghost, amateur AtFi
D:4 Edmund; Pikel


Innate Abilities, Weirdness & Mutations

You have very sharp fingernails.
You have a somewhat thin skeletal structure. (Dex +2, Stealth+)
You are weak. (Str -2)
You are vulnerable to heat. (rF-)


Message History

Really read the scroll of poison?
The air fills with toxic fumes!
As you read the scroll of poison, it crumbles to dust.
You shoot a sling bullet. The sling bullet hits Edmund!
Edmund is lightly wounded.
You shoot a sling bullet. The sling bullet hits Edmund.
Edmund is moderately wounded.
You shoot a sling bullet. The sling bullet hits Edmund.
Edmund is moderately wounded.
You shoot a sling bullet.
The sling bullet hits Edmund but does no damage.
Edmund is moderately wounded.
You shoot a sling bullet. The sling bullet hits Edmund.
Edmund is moderately wounded.
Edmund says, "People will remember me!
They'll remember me and die!"
Edmund barely misses you.
You shoot a sling bullet. The sling bullet hits Edmund.
Edmund is heavily wounded.
Edmund closely misses you.
You shoot a sling bullet. The sling bullet closely misses Edmund.
Edmund hits you with a +1 dire flail of pain!
You writhe in agony.
Edmund hits you with a +1 dire flail of pain!
You shoot a sling bullet.
The sling bullet hits Edmund but does no damage.
Edmund is heavily wounded.
Edmund hits you with a +1 dire flail of pain!
You shoot a sling bullet.
The sling bullet hits Edmund but does no damage.
Edmund is heavily wounded.
Edmund says, "A flail is better than a scythe, any day of the week!"
Edmund hits you with a +1 dire flail of pain!
* * * LOW HITPOINT WARNING * * *
You writhe in agony.
* * * LOW HITPOINT WARNING * * *
You shoot a sling bullet.
The sling bullet hits Edmund but does no damage.
Edmund is heavily wounded.
Edmund hits you with a +1 dire flail of pain!
You die...

..##..#..........##.#
#.##..#.#.####°#§##°#
..........# #☼°.°§☼#
########### #○§○○§##
# #○§..§# # #○.○§☼# #
##○°○## # #######
##☼## ####.....# #@#
.........# #@#
.###.....# #§#
.###.....# #.#
.##......# #○#
.##.#.#### #°#
.##.#.# #.# ......#
#○# ###.######


You could see Edmund.

Vanquished Creatures
  A phantom (D:3)
  A hound (D:4)
  A jelly (D:4)
  A scorpion zombie (D:3)
  An orc wizard (D:4)
  Robin (D:3)
  3 adders
  2 worms
  A dart slug (D:1)
  2 orcs (D:4)
  6 endoplasms
  3 giant cockroaches
  17 goblins
  5 hobgoblins
  6 quokkas
  8 ball pythons
  A ball python zombie (D:3)
  5 bats
  6 frilled lizards
  7 kobolds
  4 rats
82 creatures vanquished.

Vanquished Creatures (others)
  An orc wizard (D:4)
1 creature vanquished.

Grand Total: 83 creatures vanquished

Notes
Turn   | Place    | Note
-------+----------+-------------------------------------------
     0 | D:1      | Alarkh the Demonspawn Hexslinger began the quest for the
                  | Orb.
     0 | D:1      | Reached XP level 1. HP: 15/15 MP: 2/2
   126 | D:1      | Reached skill level 2 in Ranged Weapons
   191 | D:1      | Gained mutation: You have sharp fingernails. [demonic
                  | ancestry]
   191 | D:1      | Reached XP level 2. HP: 14/21 MP: 3/3
   701 | D:2      | Reached XP level 3. HP: 27/27 MP: 4/4
   895 | D:2      | Reached skill level 3 in Ranged Weapons
   977 | D:2      | Found a faded altar of an unknown god.
  1683 | D:3      | Gained mutation: You have very sharp fingernails. [demonic
                  | ancestry]
  1683 | D:3      | Reached XP level 4. HP: 33/33 MP: 5/5
  1704 | D:3      | Noticed an ice beast
  2178 | D:3      | Found a runed translucent gate.
  2178 | D:3      | Found a runed translucent gate.
  2178 | D:3      | Found a runed translucent gate.
  2178 | D:3      | Noticed BerneyBell's ghost (amateur AtFi)
  2287 | D:3      | Found a basalt altar of Yredelemnul.
  2494 | D:3      | Noticed a phantom
  2508 | D:3      | Killed a phantom
  2509 | D:3      | Reached skill level 4 in Ranged Weapons
  2509 | D:3      | Gained mutation: You have a somewhat thin skeletal
                  | structure. (Dex +2, Stealth+) [demonic ancestry]
  2509 | D:3      | Reached XP level 5. HP: 19/41 MP: 6/6
  2782 | D:4      | Noticed Robin
  2815 | D:3      | Killed Robin
  2956 | D:4      | Reached XP level 6. HP: 47/47 MP: 7/7
  3471 | D:4      | Found a shimmering blue altar of Sif Muna.
  3625 | D:4      | Reached skill level 5 in Ranged Weapons
  3702 | D:4      | Noticed Pikel
  3720 | D:4      | Gained mutation: You are weak. (Str -2) [potion of
                  | mutation]
  3720 | D:4      | Gained mutation: You are vulnerable to heat. (rF-) [potion
                  | of mutation]
  3965 | D:4      | Noticed Edmund
  3976 | D:4      | Slain by Edmund

Illustrated notes

Levels and vault maps discovered:
D:1:      elethiomel_arrival_quiet, layout_rooms, hex_intersection
D:2:      layout_basic, shapermc_ecumenical_altar_petra
D:3:      layout_rooms, nicolae_yredelemnul_ghost_church,
          serial_co_window_serial, co_window_paths_a, co_window_corner_a,
          co_window_of_opportunity_a, co_window_paths_a, co_window_paths_a,
          co_window_corner_a, co_window_corner_a, co_window_of_opportunity_b,
          co_window_paths_c, co_window_corner_cb, co_window_2corner,
          co_window_corner_cb, co_window_4corner_b, co_window_paths_d,
          glass_columns_a, glass_columns_a, glass_columns_a,
          nrook_mini_backslash, minmay_surrounded
D:4:      layout_loops_cross, led_sif_book, uniq_pikel, uniq_edmund, uniq_robin

Skill      XL: |  1  2  3  4  5  6 |
---------------+-------------------+-----
Ranged Weapons | 2 3 4 5 |  5.0
Fighting       | 2 3 |  3.5
Dodging        | |  1.7
Spellcasting   | |  1.0
Hexes          | |  3.0

Action                     |  1- 3 |  4- 6 || total
---------------------------+-------+-------++-------
   Fire: Sling             |   169 |   208 ||   377
   Cast: Slow              |     1 |       ||     1
  Evoke: Wand              |       |     4 ||     4
    Use: Scroll            |     3 |     1 ||     4
         Potion            |       |     8 ||     8
 Armour: Robe              |    19 |    27 ||    46
  Dodge: Dodged            |    44 |    63 ||   107
